 Dungeon Crawl Stone Soup version 0.30.1-4-g462c640d31 (webtiles) character file.

Game seed: 149324246862388953

968 radiomath the Chopper (level 7, -2/62 HPs)
             Began as a Minotaur Berserker on Sept 17, 2023.
             Was a Priest of Trog.
             Slain by Duvessa
             ... wielding a +0 short sword
              (7 damage)
             ... on level 4 of the Dungeon.
             The game lasted 00:11:33 (3816 turns).

radiomath the Chopper (Minotaur Berserker)          Turns: 3816, Time: 00:11:34

Health: -2/62      AC: 11    Str: 21    XL:     7   Next: 93%
Magic:  6/6        EV:  9    Int:  4    God:    Trog [***...]
Gold:   140        SH:  0    Dex: 12    Spells: 6/6 levels left

rFire   . . .        d - +2 hand axe (vamp)
rCold   . . .        (no shield)
rNeg    . . .        h - +0 chain mail
rPois   .            (helmet restricted)
rElec   .            f - +0 cloak
rCorr   .            (no gloves)
SInv    .            (no boots)
Will    .....        (no amulet) Stlth
                     e - +4 ring of slaying
HPRegen 0.30/turn    (no ring)
MPRegen 0.10/turn

%: no passive effects
@: no status effects
A: horns 2, retaliatory headbutt
a: Renounce Religion, Berserk, Trog's Hand


You were on level 4 of the Dungeon.
You worshipped Trog.
Trog was most pleased with you.
You visited 1 branch of the dungeon, and saw 4 of its levels.

You collected 140 gold pieces.

Inventory:

Hand Weapons
 a - a +0 hand axe
 d - a +2 vampiric hand axe (weapon)
 o - the +4 dagger of a ziggurat {holy, Fly Will+ rCorr}
   (You found it on level 2 of the Dungeon)

   Fly:       It grants you flight.
   rCorr:     It protects you from acid and corrosion.
   Will:      It increases your willpower.
 q - a +1 falchion of holy wrath
Armour
 f - a +0 cloak (worn)
 h - a +0 chain mail (worn)
Jewellery
 e - a +4 ring of slaying (left hand)
 t - a +4 ring of slaying
Scrolls
 b - a scroll of poison {unknown}
 g - a scroll of teleportation {unknown}
 i - 2 scrolls of identify
 l - a scroll of blinking
 m - a scroll of amnesia {unknown}
Potions
 c - 2 potions of mutation
 n - 4 potions of curing
 s - a potion of ambrosia {unknown}


   Skills:
 + Level 5.8 Fighting
 + Level 2.5 Short Blades
 + Level 6.9 Axes
 + Level 6.7 Armour
 + Level 3.3 Dodging
 + Level 1.5 Stealth


You had 6 spell levels left.
You didn't know any spells.
Your spell library was empty.

Dungeon Overview and Level Annotations

Branches:
Dungeon (4/15)
 Temple: D:4-7

Altars:
Yredelemnul

Annotations:
D:4 Duvessa


Innate Abilities, Weirdness & Mutations

You have a pair of horns on your head.
You reflexively headbutt those who attack you in melee.


Message History

You closely miss Dowan. You headbutt Dowan!
You kill Dowan!
Trog accepts your kill.
Trog appreciates your killing of a magic user.
Duvessa screams, "No!
How DARE you!"
Duvessa goes berserk!
Throw: throwing net
Press: ? - help, Q - select action, (/) - cycle Shift-Dir - straight line, f - Duvessa
Aim: Duvessa, wielding a +0 short sword, wearing a +0 leather armour and carrying a wand of polymorph (4) (berserk, fast, 68% to hit)
You throw a throwing net.
The throwing net closely misses Duvessa.
Duvessa hits you with a +0 short sword.
Duvessa rages.
You closely miss Duvessa. Your headbutt misses Duvessa.
Duvessa hits you but does no damage. x2
You barely miss Duvessa. Duvessa hits you with a +0 short sword.
You slash Duvessa!
Duvessa is lightly wounded.
Duvessa hits you with a +0 short sword. Duvessa misses you.
You hit Duvessa but do no damage. Your headbutt misses Duvessa.
Duvessa is lightly wounded.
Duvessa hits you with a +0 short sword!
You hit Duvessa but do no damage.
Duvessa is lightly wounded.
Duvessa hits you with a +0 short sword. x2
You slash Duvessa!
You feel better.
You headbutt Duvessa! Your punch misses Duvessa.
Duvessa is heavily wounded.
Duvessa hits you with a +0 short sword!
* * * LOW HITPOINT WARNING * * *
Blink to where?
Press: ? - help, Dir - move target, p - Duvessa
Okay, then.
As you read the scroll labelled UTTEMP QYOMUO, it crumbles to dust.
You hear a loud clanging noise!
It was a scroll of noise.
Duvessa hits you with a +0 short sword.
* * * LOW HITPOINT WARNING * * *
Duvessa hits you but does no damage. Duvessa hits you with a +0 short sword!
You die...

##.................#
#####.#####.......# #.#
#.......# #.# #.......#
#.#####......)#
###÷##..).......#
##<...<.##########
########..#.##.#
###........##.##@#####
[...#########.##.e...#
#############.######.#
#........# #)# ## . #!#.......#
##)## #.# ...
#.#...†...#.##†.)##.#..... ##
##.#............[....o....
.###.###.#.....................
.....# ##.#.............$.K..!#


You could see Duvessa (berserk, fast).

Vanquished Creatures
  Pikel (D:4)
  An ogre (D:4)
  Dowan (D:4)
  A hound (D:4)
  Crazy Yiuf (D:3)
  A jelly (D:4)
  An orc priest (D:4)
  3 orc wizards
  8 adders
  2 worms
  A dart slug (D:2)
  20 orcs
  4 bats
  7 endoplasms
  2 giant cockroaches
  8 goblins
  4 hobgoblins
  4 jackals (D:1)
  9 kobolds
  4 quokkas
  10 ball pythons
  3 frilled lizards
  3 rats
99 creatures vanquished.

Notes
Turn   | Place    | Note
-------+----------+-------------------------------------------
     0 | D:1      | radiomath the Minotaur Berserker began the quest for the
                  | Orb.
     0 | D:1      | Reached XP level 1. HP: 19/19 MP: 0/0
   267 | D:1      | Reached XP level 2. HP: 27/27 MP: 1/1
   922 | D:1      | Found a faded altar of an unknown god.
  1181 | D:2      | Found a basalt altar of Yredelemnul.
  1183 | D:2      | Reached XP level 3. HP: 33/33 MP: 2/2
  1891 | D:2      | Identified the +4 dagger of a ziggurat {holy, Fly Will+
                  | rCorr}
  2190 | D:3      | Reached ** piety under Trog
  2191 | D:3      | Reached XP level 4. HP: 41/41 MP: 3/3
  2782 | D:3      | Reached XP level 5. HP: 47/47 MP: 4/4
  2946 | D:3      | Found a runed translucent door.
  2947 | D:3      | Noticed Crazy Yiuf
  2986 | D:3      | Killed Crazy Yiuf
  3266 | D:3      | Reached skill level 5 in Axes
  3357 | D:4      | Reached skill level 1 in Short Blades
  3462 | D:4      | Reached skill level 1 in Stealth
  3464 | D:4      | Reached skill level 5 in Fighting
  3464 | D:4      | Reached XP level 6. HP: 51/56 MP: 5/5
  3691 | D:4      | Reached skill level 5 in Armour
  3779 | D:4      | Noticed Pikel
  3788 | D:4      | Noticed Dowan
  3794 | D:4      | Killed Pikel
  3795 | D:4      | Reached XP level 7. HP: 47/62 MP: 6/6
  3801 | D:4      | Noticed Duvessa
  3803 | D:4      | Killed Dowan
  3803 | D:4      | Reached *** piety under Trog
  3816 | D:4      | Slain by Duvessa

Illustrated notes

Levels and vault maps discovered:
D:1:      evilmike_arrival_crescent, layout_loops_corners,
          dreamdust_ecumenical_altar_hidden_monk_grotto, chequers_big_river
D:2:      layout_basic, basic_altar, serial_co_window_serial,
          co_window_corner_a, co_window_cross_1, co_window_paths_b,
          co_window_corner_a, co_window_paths_b, co_window_2corner,
          co_window_corner_b, co_window_corner_ca, co_window_paths_c,
          co_window_2corner, co_window_unsneaky_path_e, co_window_corner_cb,
          glass_columns_a, glass_columns_b, glass_columns_c, glass_columns_a
D:3:      layout_loops_corners, uniq_crazy_yiuf_cottage
D:4:      wad_pebble_path, layout_rooms, uniq_duvessa, uniq_pikel

Skill      XL: |  1  2  3  4  5  6 |
---------------+-------------------+-----
Axes           | 4 5 6 |  6.9
Fighting       | 4 5 |  5.8
Armour         | 3 4 6 |  6.7
Dodging        | 3 |  3.3
Short Blades   | 1 2 |  2.5
Stealth        | 1 |  1.5

Action                     |  1- 3 |  4- 6 |  7- 9 || total
---------------------------+-------+-------+-------++-------
  Melee: Hand axe          |    72 |    50 |    15 ||   137
         Headbutt          |    11 |    16 |     3 ||    30
         Dagger            |     5 |    57 |       ||    62
         Punch             |     1 |     3 |       ||     4
  Throw: Throwing net      |       |       |     1 ||     1
    Use: Scroll            |       |     7 |     1 ||     8
         Potion            |       |     1 |       ||     1
 Armour: Animal skin       |     6 |       |       ||     6
         Ring mail         |    16 |    20 |       ||    36
         Chain mail        |       |     6 |     4 ||    10
  Dodge: Dodged            |    43 |    51 |     3 ||    97
